TOP OF THE 1ST |
Colorado Commanders batting - Pitching for Seattle Rainiers : LHP Nelson Béltre
|
Pitching: LHP Nelson Béltre
|
|
Batting: RHB Roberto Zamora
|
0-0: Ball 1-0: Foul Ball, location: 2F 1-1: Fly out, F8 (Flyball, 8RD)
|
Batting: RHB Arnold Harmon
|
0-0: Ball 1-0: Ball 2-0: Foul Ball, location: 2F 2-1: Ball 3-1: SINGLE (Groundball, 6D)
|
Batting: RHB Lee Price
|
0-0: Ball 1-0: Called Strike 1-1: Ball 2-1: Swinging Strike 2-2: Foul Ball, location: 2F Pickoff Throw to First - Error! E1 Arnold Harmon to second 2-2: Fly out, F5 (Line Drive, 56)
|
Batting: LHB Gary Kern
|
0-0: Foul Ball, location: 2F 0-1: Ball 1-1: Ball 2-1: Ball 3-1: Base on Balls
|
Batting: RHB Xavier De La Cruz
|
0-0: Ball 1-0: Swinging Strike 1-1: Ball 2-1: Ball 3-1: Called Strike 3-2: Foul Ball, location: 2F 3-2: Base on Balls Arnold Harmon to third Gary Kern to second
|
Batting: RHB Richard Pendergast
|
0-0: Ball 1-0: Foul Ball, location: 2F 1-1: Ball 2-1: Called Strike 2-2: Ball 3-2: Base on Balls Arnold Harmon scores Gary Kern to third Xavier De La Cruz to second
|
Batting: RHB Earnest Turner
|
0-0: Called Strike 0-1: Ball 1-1: Called Strike 1-2: Strikes out swinging
|
Top of the 1st over - 1 run(s), 1 hit(s), 1 error(s), 3 left on base; Colorado 1 - Seattle 0 |
BOTTOM OF THE 1ST |
Seattle Rainiers batting - Pitching for Colorado Commanders : RHP Júlio Torres
|
Pitching: RHP Júlio Torres
|
|
Batting: SHB Vicente Pagán
|
0-0: Ball 1-0: DOUBLE (Line Drive, 89M)
|
Batting: LHB Tony Rivera
|
0-0: Ball 1-0: Ground out U3 (Groundball, 3) Vicente Pagán to third
|
Batting: SHB Glenn Vadnais
|
0-0: Foul Ball, location: 2F 0-1: Foul Ball, location: 2F 0-2: Ball 1-2: Ball 2-2: Foul Ball, location: 2F 2-2: Strikes out looking
|
Batting: RHB Edward Melton
|
0-0: Ball 1-0: Ball 2-0: Ball 3-0: Called Strike 3-1: Ground out 6-3 (Groundball, 6MD)
|
Bottom of the 1st over - 0 run(s), 1 hit(s), 0 error(s), 1 left on base; Colorado 1 - Seattle 0 |
TOP OF THE 2ND |
Colorado Commanders batting - Pitching for Seattle Rainiers : LHP Nelson Béltre
|
Batting: RHB Emiel van Rhee
|
0-0: Fly out, F8 (Flyball, 8LM)
|
Batting: SHB Ángel Díaz
|
0-0: Swinging Strike 0-1: Ball 1-1: Ball 2-1: Foul Ball, location: 2F 2-2: Strikes out swinging
|
Batting: RHB Roberto Zamora
|
0-0: Ball 1-0: Ball 2-0: Called Strike 2-1: Foul Ball, location: 2F 2-2: Foul Ball, location: 2F 2-2: Strikes out swinging
|
Top of the 2nd over - 0 run(s), 0 hit(s), 0 error(s), 0 left on base; Colorado 1 - Seattle 0 |
BOTTOM OF THE 2ND |
Seattle Rainiers batting - Pitching for Colorado Commanders : RHP Júlio Torres
|
Batting: RHB Bill Dawson
|
0-0: Ground out 6-3 (Groundball, 6)
|
Batting: RHB Reynaldo Slomp
|
0-0: Ball 1-0: Called Strike 1-1: Swinging Strike 1-2: Ball 2-2: Foul Ball, location: 2F 2-2: Strikes out looking
|
Batting: RHB John Hill
|
0-0: Ball 1-0: Foul Ball, location: 2F 1-1: Called Strike 1-2: Ball 2-2: Ball 3-2: Ground out 4-3 (Groundball, 4)
|
Bottom of the 2nd over - 0 run(s), 0 hit(s), 0 error(s), 0 left on base; Colorado 1 - Seattle 0 |
TOP OF THE 3RD |
Colorado Commanders batting - Pitching for Seattle Rainiers : LHP Nelson Béltre
|
Batting: RHB Arnold Harmon
|
0-0: Swinging Strike 0-1: Swinging Strike 0-2: Foul Ball, location: 2F 0-2: Ball 1-2: Strikes out looking
|
Batting: RHB Lee Price
|
0-0: Ball 1-0: Called Strike 1-1: Called Strike 1-2: Ball 2-2: Ball 3-2: Ground out 5-3 (Groundball, 5)
|
Batting: LHB Gary Kern
|
0-0: Fly out, F8 (Flyball, 8LM)
|
Top of the 3rd over - 0 run(s), 0 hit(s), 0 error(s), 0 left on base; Colorado 1 - Seattle 0 |
BOTTOM OF THE 3RD |
Seattle Rainiers batting - Pitching for Colorado Commanders : RHP Júlio Torres
|
Batting: RHB Robert Marks
|
0-0: Ball 1-0: Called Strike 1-1: Fly out, F3 (Line Drive, 3)
|
Batting: RHB Doug Williams
|
0-0: Ground out 6-3 (Groundball, 6M)
|
Batting: SHB Vicente Pagán
|
0-0: Swinging Strike 0-1: Ball 1-1: DOUBLE (Flyball, 89XD)
|
Batting: LHB Tony Rivera
|
0-0: Called Strike 0-1: SINGLE (Groundball, 34D) Vicente Pagán to third Runner from 3rd tries for Home, SAFE, throw made home Tony Rivera to second
|
Batting: SHB Glenn Vadnais
|
0-0: Ball 1-0: Ball 2-0: Ball 3-0: Base on Balls
|
Batting: RHB Edward Melton
|
0-0: Ground out 1-3 (Groundball, 3S)
|
Bottom of the 3rd over - 1 run(s), 2 hit(s), 0 error(s), 2 left on base; Colorado 1 - Seattle 1 |
TOP OF THE 4TH |
Colorado Commanders batting - Pitching for Seattle Rainiers : LHP Nelson Béltre
|
Batting: RHB Xavier De La Cruz
|
0-0: Foul Ball, location: 2F 0-1: Swinging Strike 0-2: Ball 1-2: Strikes out swinging
|
Batting: RHB Richard Pendergast
|
0-0: Ball 1-0: Ball 2-0: Called Strike 2-1: Swinging Strike 2-2: Strikes out swinging
|
Batting: RHB Earnest Turner
|
0-0: Ball 1-0: Called Strike 1-1: Foul Ball, location: 2F 1-2: Strikes out swinging
|
Top of the 4th over - 0 run(s), 0 hit(s), 0 error(s), 0 left on base; Colorado 1 - Seattle 1 |
BOTTOM OF THE 4TH |
Seattle Rainiers batting - Pitching for Colorado Commanders : RHP Júlio Torres
|
Batting: RHB Bill Dawson
|
0-0: Called Strike 0-1: SINGLE (Line Drive, 7LS)
|
Batting: RHB Reynaldo Slomp
|
0-0: Called Strike 0-1: DOUBLE (Line Drive, 78D) Bill Dawson to third
|
Batting: RHB John Hill
|
0-0: Foul Ball, location: 2F 0-1: Swinging Strike 0-2: Strikes out swinging
|
Batting: RHB Robert Marks
|
0-0: Ball 1-0: Called Strike 1-1: Called Strike 1-2: Ball 2-2: Fly out, F9 (Flyball, 89D) Runner from 3rd tags up, SCORES, no throw
|
Batting: RHB Doug Williams
|
0-0: Ball Passed Ball! Reynaldo Slomp to third 1-0: Fly out, F7 (Line Drive, 7S)
|
Bottom of the 4th over - 1 run(s), 2 hit(s), 0 error(s), 1 left on base; Colorado 1 - Seattle 2 |
TOP OF THE 5TH |
Colorado Commanders batting - Pitching for Seattle Rainiers : LHP Nelson Béltre
|
Batting: RHB Emiel van Rhee
|
0-0: Ball 1-0: Called Strike 1-1: Swinging Strike 1-2: Strikes out swinging
|
Batting: SHB Ángel Díaz
|
0-0: Called Strike 0-1: Ball 1-1: Called Strike 1-2: Ground out U3 (Groundball, 3S)
|
Batting: RHB Roberto Zamora
|
0-0: Called Strike 0-1: Foul Ball, location: 2F 0-2: Ball 1-2: Foul Ball, location: 2F 1-2: Fly out, F7 (Flyball, 7M)
|
Top of the 5th over - 0 run(s), 0 hit(s), 0 error(s), 0 left on base; Colorado 1 - Seattle 2 |
BOTTOM OF THE 5TH |
Seattle Rainiers batting - Pitching for Colorado Commanders : RHP Júlio Torres
|
Batting: SHB Vicente Pagán
|
0-0: Ball 1-0: SINGLE (Line Drive, 6MD)
|
Batting: LHB Tony Rivera
|
0-0: Called Strike 0-1: Fielders Choice at 2nd, 6-4 (Groundball, 6M)
|
Batting: SHB Glenn Vadnais
|
0-0: Ball 1-0: Foul Ball, location: 2F 1-1: Ball 2-1: Foul Ball, location: 2F 2-2: Strikes out swinging
|
Batting: RHB Edward Melton
|
0-0: Ball 1-0: Ball 2-0: Swinging Strike 2-1: Called Strike 2-2: Strikes out swinging
|
Bottom of the 5th over - 0 run(s), 1 hit(s), 0 error(s), 1 left on base; Colorado 1 - Seattle 2 |
TOP OF THE 6TH |
Colorado Commanders batting - Pitching for Seattle Rainiers : LHP Nelson Béltre
|
Pitching: RHP César Rodríguez
|
|
Batting: RHB Arnold Harmon
|
0-0: Ball 1-0: DOUBLE (Flyball, 78XD)
|
Batting: RHB Lee Price
|
0-0: Ball 1-0: Foul Ball, location: 2F 1-1: Foul Ball, location: 2F 1-2: Foul Ball, location: 2F 1-2: Fly out, F8 (Flyball, 8LD) Runner from 2nd tags up, SAFE at 3rd, no throw
|
Batting: LHB Gary Kern
|
0-0: Ball 1-0: Ball 2-0: Ball 3-0: Called Strike 3-1: Base on Balls
|
Batting: RHB Xavier De La Cruz
|
0-0: Ball 1-0: Ball 2-0: Swinging Strike 2-1: Ball 3-1: Fly out, F3 (Popup, 3F)
|
Batting: RHB Richard Pendergast
|
0-0: Ball 1-0: Called Strike 1-1: Foul Ball, location: 2F 1-2: Strikes out swinging
|
Top of the 6th over - 0 run(s), 1 hit(s), 0 error(s), 2 left on base; Colorado 1 - Seattle 2 |
BOTTOM OF THE 6TH |
Seattle Rainiers batting - Pitching for Colorado Commanders : RHP Júlio Torres
|
Batting: RHB Bill Dawson
|
0-0: Ball 1-0: Ball 2-0: Called Strike 2-1: Foul Ball, location: 2F 2-2: Ball 3-2: Foul Ball, location: 2F 3-2: Foul Ball, location: 2F 3-2: Foul Ball, location: 2F 3-2: Foul Ball, location: 2F 3-2: Base on Balls
|
Batting: RHB Reynaldo Slomp
|
0-0: Called Strike 0-1: SINGLE (Line Drive, 9LM) Bill Dawson to second
|
Batting: RHB John Hill
|
0-0: Ball 1-0: Foul Ball, location: 2F 1-1: Foul Ball, location: 2F 1-2: SINGLE (Groundball, 56) Bill Dawson to third Reynaldo Slomp to second
|
Pitching: RHP Tomás Rodríguez
|
|
Batting: RHB Robert Marks
|
0-0: Foul Ball, location: 2F 0-1: Hit by Pitch Bill Dawson scores Reynaldo Slomp to third John Hill to second
|
Batting: RHB Doug Williams
|
0-0: Called Strike 0-1: Ball 1-1: Foul Ball, location: 2F 1-2: Foul Ball, location: 2F 1-2: Ball 2-2: Ball 3-2: Fly out, F4 (Popup, 4MD)
|
Batting: SHB Vicente Pagán
|
0-0: Ball 1-0: Ball 2-0: Ball 3-0: Base on Balls Reynaldo Slomp scores John Hill to third Robert Marks to second
|
Batting: LHB Tony Rivera
|
0-0: Ball 1-0: Ball 2-0: Called Strike 2-1: Ball 3-1: Base on Balls John Hill scores Robert Marks to third Vicente Pagán to second
|
Batting: SHB Glenn Vadnais
|
0-0: Foul Ball, location: 2F 0-1: Ball 1-1: Ball 2-1: Ball 3-1: Base on Balls Robert Marks scores Vicente Pagán to third Tony Rivera to second
|
Batting: RHB Edward Melton
|
0-0: Fly out, F7 (Flyball, 7LM) Runner from 3rd tags up, SCORES, no throw
|
Batting: RHB Bill Dawson
|
0-0: SINGLE (Groundball, 34D) Tony Rivera to third Glenn Vadnais to second Runner from 3rd tries for Home, SAFE, no throw or cutoff
|
Pitching: RHP Bill Davis
|
|
Batting: RHB Reynaldo Slomp
|
0-0: Called Strike 0-1: Foul Ball, location: 2F 0-2: Ball 1-2: Ball 2-2: Foul Ball, location: 2F Balk! Glenn Vadnais to third Bill Dawson to second 2-2: Fly out, F8 (Flyball, 8LM)
|
Bottom of the 6th over - 6 run(s), 3 hit(s), 0 error(s), 2 left on base; Colorado 1 - Seattle 8 |
TOP OF THE 7TH |
Colorado Commanders batting - Pitching for Seattle Rainiers : RHP César Rodríguez
|
Batting: RHB Earnest Turner
|
0-0: Called Strike 0-1: Ball 1-1: Ball 2-1: Ball 3-1: Base on Balls
|
Batting: RHB Emiel van Rhee
|
0-0: Called Strike Earnest Turner steals 2nd base 0-1: Foul Ball, location: 2F 0-2: Ball 1-2: Ball 2-2: 2-RUN HOME RUN (Flyball, 7D), Distance : 379 ft
|
Batting: SHB Ángel Díaz
|
0-0: Called Strike 0-1: Swinging Strike 0-2: Strikes out swinging
|
Batting: RHB Roberto Zamora
|
0-0: Called Strike 0-1: Ball 1-1: Foul Ball, location: 2F 1-2: Ball 2-2: Strikes out swinging
|
Batting: RHB Arnold Harmon
|
0-0: Called Strike 0-1: Ball 1-1: Ball 2-1: Swinging Strike 2-2: Ball 3-2: Strikes out swinging
|
Top of the 7th over - 2 run(s), 1 hit(s), 0 error(s), 0 left on base; Colorado 3 - Seattle 8 |
BOTTOM OF THE 7TH |
Seattle Rainiers batting - Pitching for Colorado Commanders : RHP Bill Davis
|
Batting: RHB John Hill
|
0-0: Ball 1-0: Ground out 1-3 (Groundball, 13)
|
Batting: RHB Robert Marks
|
0-0: SINGLE (Line Drive, 8LS)
|
Batting: RHB Doug Williams
|
0-0: Swinging Strike 0-1: Swinging Strike 0-2: Ball 1-2: Ball 2-2: Fly out, F9 (Flyball, 9S)
|
Batting: SHB Vicente Pagán
|
0-0: Ball 1-0: Called Strike 1-1: Ball 2-1: Ball 3-1: Base on Balls Robert Marks to second
|
Batting: LHB Tony Rivera
|
0-0: Ball 1-0: Ball 2-0: Ball 3-0: Base on Balls Robert Marks to third Vicente Pagán to second
|
Batting: SHB Glenn Vadnais
|
0-0: Ball 1-0: Ball 2-0: Ball 3-0: Base on Balls Robert Marks scores Vicente Pagán to third Tony Rivera to second
|
Batting: RHB Edward Melton
|
0-0: Called Strike 0-1: Swinging Strike 0-2: Ball 1-2: Ground out 5-3 (Groundball, 6S)
|
Bottom of the 7th over - 1 run(s), 1 hit(s), 0 error(s), 3 left on base; Colorado 3 - Seattle 9 |
TOP OF THE 8TH |
Colorado Commanders batting - Pitching for Seattle Rainiers : RHP César Rodríguez
|
Pitching: RHP Steve Benson
|
|
Now at 1B: Jacob Hill
|
|
Batting: RHB Lee Price
|
0-0: Called Strike 0-1: Swinging Strike 0-2: Ball 1-2: Ball 2-2: Strikes out looking
|
Batting: LHB Gary Kern
|
0-0: Foul Ball, location: 2F 0-1: Called Strike 0-2: Hit by Pitch
|
Batting: RHB Xavier De La Cruz
|
0-0: Called Strike 0-1: Ball 1-1: Swinging Strike 1-2: Foul Ball, location: 2F 1-2: Strikes out swinging
|
Batting: RHB Richard Pendergast
|
0-0: Foul Ball, location: 2F 0-1: Foul Ball, location: 2F 0-2: Foul Ball, location: 2F 0-2: Ball 1-2: Fly out, F7 (Flyball, 7LM)
|
Top of the 8th over - 0 run(s), 0 hit(s), 0 error(s), 1 left on base; Colorado 3 - Seattle 9 |
BOTTOM OF THE 8TH |
Seattle Rainiers batting - Pitching for Colorado Commanders : RHP Bill Davis
|
Batting: RHB Bill Dawson
|
0-0: Called Strike 0-1: Swinging Strike 0-2: Foul Ball, location: 2F 0-2: Ball 1-2: Ball 2-2: Foul Ball, location: 2F 2-2: Foul Ball, location: 2F 2-2: SINGLE (Line Drive, 89S)
|
Batting: RHB Reynaldo Slomp
|
0-0: Sac Bunt - play at first, batter OUT! 5-3 Bill Dawson to second
|
Batting: RHB John Hill
|
0-0: Called Strike 0-1: Fly out, F9 (Flyball, 89S)
|
Batting: RHB Robert Marks
|
0-0: Foul Ball, location: 2F 0-1: Foul Ball, location: 2F 0-2: Ground out 4-3 (Groundball, 4)
|
Bottom of the 8th over - 0 run(s), 1 hit(s), 0 error(s), 1 left on base; Colorado 3 - Seattle 9 |
TOP OF THE 9TH |
Colorado Commanders batting - Pitching for Seattle Rainiers : RHP Steve Benson
|
Batting: RHB Earnest Turner
|
0-0: Called Strike 0-1: Called Strike 0-2: Strikes out swinging
|
Batting: RHB Emiel van Rhee
|
0-0: Swinging Strike 0-1: Swinging Strike 0-2: Strikes out swinging
|
Batting: SHB Ángel Díaz
|
0-0: Swinging Strike 0-1: Called Strike 0-2: Fly out, F5 (Popup, 56S)
|
Top of the 9th over - 0 run(s), 0 hit(s), 0 error(s), 0 left on base; Colorado 3 - Seattle 9 |
|